 Dungeon Crawl Stone Soup version 0.31-a0-198-g2ad674f65e (webtiles) character file.

Game seed: 17932102476947855994

53 qw the Shooter (level 3, 0/20 HPs)
             Began as a Deep Elf Hunter on June 25, 2023.
             Hit by a goblin thrown by Robin (3 damage)
             ... on level 2 of the Dungeon.
             The game lasted 00:00:23 (783 turns).

qw the Shooter (Deep Elf Hunter)                     Turns: 783, Time: 00:00:23

Health: 0/20       AC:  3    Str: 12    XL:     3   Next: 64%
Magic:  5/5        EV: 12    Int: 13    God:
Gold:   38         SH:  0    Dex: 18    Spells: 2/2 levels left

rFire   + . .        Y - +0 shortbow
rCold   . . .        (shield currently unavailable)
rNeg    + + .        c - +0 leather armour
rPois   .            (no helmet)
rElec   .            (no cloak)
rCorr   .            (no gloves)
SInv    +            (no boots)
Will    .....        (no amulet)
Stlth   ++           a - ring of Qaustr Jiyn {rF+ rN++ Str+2 SInv}
HPRegen 0.23/turn    (no ring)
MPRegen 0.09/turn

%: no passive effects
@: no status effects
A: no striking features
a: no special abilities


You were on level 2 of the Dungeon.
You visited 1 branch of the dungeon, and saw 2 of its levels.

You collected 38 gold pieces.


   Skills:
 - Level 1.5 Fighting
 + Level 7.1 Ranged Weapons
 - Level 2.4 Dodging
 - Level 1.2 Stealth


You had 2 spell levels left.
You didn't know any spells.
Your spell library was empty.

Inventory:

Hand Weapons
 Y - a +0 shortbow (weapon)
Armour
 c - a +0 leather armour (worn)
Jewellery
 a - the ring of Qaustr Jiyn (left hand) {rF+ rN++ Str+2 SInv}
   (You acquired it on level 1 of the Dungeon)

   [ring of see invisible]

   Str:       It affects your strength (+2).
   rF:        It protects you from fire.
   rN:        It greatly protects you from negative energy.
   SInv:      It lets you see invisible.
 e - a ring of ice
Potions
 f - 2 potions of curing
 i - a potion of attraction {unknown}

Dungeon Overview and Level Annotations

Branches:
Dungeon (2/15)

Altars:

Annotations:
D:2 Robin


Message History

You kill the goblin!
Robin throws the goblin at you!
You shoot an arrow. The arrow hits the goblin!
You kill the goblin!
The goblin no longer looks unusually strong.
The goblin hits you with a +0 dagger.
You shoot an arrow. The arrow hits the goblin.
The goblin is moderately wounded.
The goblin barely misses you. Robin throws the goblin at you!
The goblin hits you but does no damage. The goblin barely misses you.
You shoot an arrow. The arrow barely misses the goblin.
The arrow hits Robin.
Robin is moderately wounded.
The goblin barely misses you. The goblin hits you but does no damage.
Robin roars a battlecry!
The goblin goes into a battle-frenzy!
You shoot an arrow. The arrow hits the goblin.
You kill the goblin!
The goblin hits you but does no damage. The adder bites you.
Your Ranged Weapons skill increases to level 7!
You shoot an arrow. The arrow hits the adder.
The adder is heavily wounded.
The adder completely misses you. The goblin barely misses you.
You shoot an arrow. The arrow hits the adder.
The adder is almost dead.
The adder bites you. The goblin barely misses you.
Robin points. "Kill!"
The adder barely misses you.
You shoot an arrow. The arrow hits the adder.
You kill the adder!
The goblin closely misses you.
You shoot an arrow. The arrow hits the goblin.
The goblin is moderately wounded.
The goblin barely misses you. The goblin closely misses you. x2
The goblin hits you with a +0 dagger.
You shoot an arrow. The arrow closely misses the goblin.
The goblin hits you but does no damage. The goblin misses you.
You shoot an arrow. The arrow hits the goblin.
You kill the goblin!
The goblin hits you but does no damage. Robin throws the goblin at you!
You die... #.# )# .)) .. #.# #. ..... . ##)#. .. rg.

... #)# ....
#@#
......###g###.#
....+.....%...#
....####.######
..........#
..........#
.....:....#
..........#
##+###.+###


You could see Robin, a goblin (strong) and a rat.

Vanquished Creatures
  An adder (D:2)
  A dart slug (D:1)
  5 ball pythons (D:1)
  A bat skeleton (D:2)
  2 endoplasms (D:1)
  13 goblins
  5 hobgoblins
  2 kobolds (D:1)
  3 bats
  7 frilled lizards (D:1)
  2 rats (D:1)
42 creatures vanquished.

Notes
Turn   | Place    | Note
-------+----------+-------------------------------------------
     0 | D:1      | qw the Deep Elf Hunter began the quest for the Orb.
     0 | D:1      | Reached XP level 1. HP: 12/12 MP: 3/3
     0 | D:1      | 0 ||| qw: Version: 0.3-a-22-g0ed2b0b
     0 | D:1      | 0 ||| qw: Game counter: 5217
     0 | D:1      | 0 ||| qw: Melee chars always use a shield: true
     0 | D:1      | 0 ||| qw: God list: Okawaru
     0 | D:1      | 0 ||| qw: Allow faded altars: false
     0 | D:1      | 0 ||| qw: Do Orc after clearing Dungeon:15 true
     0 | D:1      | 0 ||| qw: Do second Lair branch before Depths: true
     0 | D:1      | 0 ||| qw: Lair rune preference: random
     0 | D:1      | 0 ||| qw: Goals: Normal
     0 | D:1      | 0 ||| PLANNING D:1-11
   171 | D:1      | Reached skill level 6 in Ranged Weapons
   171 | D:1      | Reached XP level 2. HP: 16/16 MP: 4/4
   631 | D:1      | 631 ||| DROPPING +6 ring of intelligence.
   632 | D:1      | 632 ||| READING scroll labelled XATIF AFEADD.
   632 | D:1      | Identified a scroll of acquirement
   632 | D:1      | 632 ||| ACQUIRING ring of Qaustr Jiyn {rF+ rN++ Str+2 SInv}
   632 | D:1      | Acquired the ring of Qaustr Jiyn {rF+ rN++ Str+2 SInv}
   634 | D:1      | 634 ||| UPGRADING to ring of Qaustr Jiyn {rF+ rN++ Str+2
                  | SInv}.
   635 | D:1      | 635 ||| READING scroll labelled TADI UCYALOTE.
   636 | D:1      | 636 ||| READING scroll labelled ZOMOBI TEOTO.
   641 | D:1      | 641 ||| DRINKING 3 puce potions.
   642 | D:1      | 642 ||| DROPPING scroll of butterflies.
   724 | D:2      | Reached XP level 3. HP: 20/20 MP: 5/5
   761 | D:2      | Noticed Robin
   778 | D:2      | Reached skill level 7 in Ranged Weapons
   781 | D:2      | HP: 3/20 [goblin/+0 dagger[Robin] (4)]
   783 | D:2      | Hit by a goblin thrown by Robin

Levels and vault maps discovered:
D:1:      lightli_iron_boxes, layout_loops_cross, minmay_lizard_king
D:2:      layout_basic, serial_undead, serial_undead_c, serial_undead_d,
          serial_undead_a, serial_undead_d, minmay_misc_feat_roman, uniq_robin

Skill      XL: |  1  2  3 |
---------------+----------+-----
Ranged Weapons | 6 7 |  7.1
Fighting       | |  1.5
Dodging        | |  2.4
Stealth        | |  1.2

Action                     || total
---------------------------++-------
   Fire: Shortbow          ||    99
    Use: Scroll            ||     3
         Potion            ||     1
 Armour: Leather armour    ||    18
  Dodge: Dodged            ||    26

Table legend:
 A = Non-vault XP
 B = Vault XP
 C = Vault XP percentage of total XP
 D = Non-vault monster count
 E = Vault monster count
 F = Vault count percentage of total count
                 A         B        C        D         E       F
            +---------+---------+-------+---------+---------+-------
      Total |      51 |      28 |  35.4 |      25 |      17 |  40.5
            +---------+---------+-------+---------+---------+-------
        D:1 |      33 |       5 |  13.2 |      21 |       5 |  19.2
        D:2 |      18 |      23 |  56.1 |       4 |      12 |  75.0
            +---------+---------+-------+---------+---------+-------
